Map: Cyber Forest LE

Players

souL

  • Race: Terran Terran
  • Spawn Location: 5:00

SKillous - Winner!

  • Race: Protoss Protoss
  • Spawn Location: 11:00

Event: 2019 WCS Spring

VOD

Have the link to the VOD?

Description

Time

  • Played on: May 17, 2019, 1:13 p.m.
  • Length: 9:33

All games in this series

Show
View Real Time Build Order
Export as new Build Order

souL Terran 

Build Orders:  

Get SALT Encoding   

  12  0:00  SCV  
  13  0:13  SCV  
  14  0:17  Supply Depot  
  14  0:25  SCV  
  15  0:32  Refinery  
  15  0:38  SCV  
  16  0:44  Barracks  
  16  0:50  SCV  
  17  1:02  SCV  
  18  1:14  SCV  
  19  1:32  Reaper, Orbital Command  
  20  1:59  SCV  
  21  2:02  Command Center  
  21  2:07  Factory  
  21  2:10  Barracks Reactor  
  21  2:12  SCV  
  22  2:17  Supply Depot  
  22  2:20  Refinery  
  22  2:24  SCV  
  23  2:38  SCV  
  24  2:50  SCV  
  25  2:51  Starport  
  25  2:56  Hellion x2  
  29  3:02  Barracks Tech Lab  
  29  3:03  SCV  
  29  3:15  SCV  
  29  3:16  Orbital Command  
  30  3:27  SCV  
  30  3:29  Cyclone  
  30  3:30  Marine x2  
  36  3:39  SCV  
  36  3:40  Starport Tech Lab  
  38  3:41  SCV  
  38  3:47  Marine  
  39  3:51  SCV  
  39  3:53  SCV  
  39  3:55  Marine  
  39  4:00  Viking  
  38  4:03  SCV  
  38  4:05  SCV  
  38  4:08  Marine  
  40  4:14  Siege Tank  
  40  4:15  SCV  
  44  4:17  SCV  
  44  4:23  Supply Depot  
  44  4:24  Supply Depot  
  45  4:25  Cloaking Field  
  45  4:27  SCV  
  46  4:45  SCV x2, Marine x2, Banshee  
  53  4:46  Supply Depot  
  53  4:51  Supply Depot  
  53  4:52  Siege Tank  
  56  4:57  SCV x2  
  58  5:03  Marine x2  
  60  5:09  SCV x2  
  62  5:14  Barracks  
  62  5:15  Barracks  
  62  5:20  Marine  
  60  5:21  SCV x2  
  60  5:27  Marine  
  62  5:30  Banshee  
  62  5:33  SCV x2  
  67  5:40  Marine  
  66  5:44  Supply Depot  
  66  5:46  SCV x2, Engineering Bay  
  66  5:47  Supply Depot  
  66  5:48  Refinery  
  66  5:50  Marine  
  66  5:51  Siege Tank  
  70  5:58  SCV x2, Marine  
  73  6:07  Marine, Barracks Tech Lab  
  73  6:10  SCV  
  73  6:11  SCV  
  73  6:14  Terran Infantry Weapons Level 1  
  73  6:16  Marine  
  73  6:17  Bunker  
  74  6:22  SCV  
  74  6:24  Starport Reactor  
  74  6:28  SCV  
  62  6:33  Marine  
  62  6:34  SCV, Marine  
  61  6:40  SCV, Stimpack, Marine x2  
  61  6:43  Refinery  
  61  6:44  Combat Shield  
  61  6:46  SCV  
  65  6:47  Supply Depot  
  65  6:48  Siege Tank  
  65  6:50  Marine  
  65  6:52  Marine  
  65  6:58  Marine  
  65  6:59  Marauder  
  61  7:08  Marine  
  61  7:10  Marine  
  63  7:16  Marauder  
  63  7:17  SCV  
  63  7:20  Medivac, Marine  
  69  7:26  Marine  
  69  7:28  Marine  
  71  7:34  Medivac  
  70  7:37  Marauder  
  70  7:38  Marauder  
  70  7:41  Siege Tank  
  70  7:42  Barracks  
  70  7:43  Barracks  
  76  7:44  Marine  
  76  7:46  Marine  
  74  7:53  Medivac  
  74  7:58  SCV x2  
  78  7:59  Marauder, Marine  
  78  8:02  Marine  
  78  8:03  Supply Depot  
  78  8:04  Marine  
  83  8:10  SCV, Medivac  
  86  8:17  Marine  
  86  8:19  Marine  
  87  8:20  Marauder  
  87  8:21  Marine  
  91  8:29  Marine  
  91  8:30  Marine  
  92  8:35  Marauder  
  92  8:37  Marine  
  96  8:43  Supply Depot  
  98  8:57  Barracks Tech Lab x2  
  98  8:58  Medivac x2  
  98  9:08  Bunker x2  
  100  9:10  Marauder x2  
Show
View Real Time Build Order
Export as new Build Order

SKillous Protoss - Winner!

Build Orders: 1 Gate Expand, Oracle Opening, Blink Stalkers 

Get SALT Encoding   

  12  0:00  Probe  
  13  0:12  Probe  
  14  0:17  Pylon  
  14  0:24  Probe  
  15  0:32  Probe  
  15  0:37  Gateway  
  15  0:40  Probe  
  16  0:46  Assimilator  
  17  0:51  Probe  
  18  1:03  Probe  
  19  1:15  Probe  
  20  1:25  Nexus  
  20  1:34  Cybernetics Core  
  20  1:37  Probe  
  21  1:42  Assimilator  
  21  1:49  Probe  
  21  1:53  Pylon  
  22  2:01  Adept  
  22  2:02  Probe  
  23  2:14  Probe  
  26  2:18  Stargate  
  26  2:23  Stalker  
  26  2:24  Warp Gate  
  26  2:26  Probe  
  27  2:33  Probe  
  30  2:38  Probe  
  30  2:41  Probe  
  31  2:50  Probe  
  31  2:51  Probe  
  33  2:53  Oracle  
  34  3:02  Probe  
  34  3:03  Probe  
  39  3:14  Probe  
  39  3:15  Probe  
  41  3:21  Gateway  
  41  3:23  Gateway  
  41  3:26  Probe  
  42  3:27  Probe  
  43  3:35  Twilight Council  
  43  3:38  Probe  
  43  3:39  Probe  
  45  3:43  Pylon  
  45  3:44  Blink  
  45  3:50  Probe  
  45  3:54  Probe  
  45  4:03  Probe  
  45  4:06  Probe  
  45  4:09  Pylon  
  47  4:10  Assimilator  
  47  4:15  Probe  
  47  4:16  Stalker  
  45  4:18  Probe  
  45  4:19  Stalker x2  
  45  4:23  Assimilator  
  50  4:26  Forge  
  50  4:40  Stalker  
  50  4:42  Stalker x2  
  56  4:48  Probe  
  57  4:53  Robotics Facility  
  57  4:59  Photon Cannon  
  57  5:01  Photon Cannon  
  57  5:02  Nexus  
  57  5:04  Pylon  
  57  5:11  Protoss Ground Weapons Level 1, Pylon  
  58  5:16  Stalker  
  58  5:20  Stalker  
  61  5:23  Stalker  
  63  5:36  Gateway x2  
  63  5:37  Observer  
  63  5:46  Probe x2  
  65  5:51  Stalker x3  
  65  5:53  Observer  
  65  5:55  Charge  
  71  5:58  Probe  
  71  6:01  Probe  
  74  6:05  Pylon  
  74  6:15  Stalker x3  
  74  6:17  Probe  
  74  6:18  Probe  
  75  6:33  Robotics Bay, Probe  
  75  6:36  Probe x2  
  75  6:38  Pylon  
  76  6:40  Gateway  
  76  6:45  Probe  
  77  6:48  Probe  
  77  6:49  Probe  
  73  6:55  Observer  
  73  6:57  Probe  
  73  7:00  Probe  
  70  7:03  Stalker x4, Probe  
  70  7:08  Protoss Ground Weapons Level 2  
  74  7:10  Probe  
  74  7:11  Colossus  
  74  7:12  Probe  
  76  7:19  Probe  
  83  7:22  Probe  
  83  7:28  Probe  
  85  7:33  Extended Thermal Lance  
  84  7:39  Gateway  
  84  7:41  Gateway  
  80  7:52  Zealot x3  
  80  7:53  Sentry x2  
  80  7:58  Stalker  
  88  8:03  Colossus  
  88  8:04  Gateway x2  
  88  8:18  Zealot x5  
  103  8:26  Pylon  
  103  8:29  Pylon  
  103  8:30  Zealot  
  103  8:31  Pylon  
  103  8:36  Shield Battery  
  103  8:38  Shield Battery  
  103  8:39  Zealot, Sentry, Shield Battery  
  103  8:40  Sentry  
  109  8:41  Shield Battery  
  109  8:44  Pylon  
  109  8:49  Sentry x2  
  109  8:51  Zealot x2  
  117  8:56  Zealot  
  119  9:06  Zealot x4  
  119  9:09  Zealot  
  129  9:11  Zealot x2  
  129  9:14  Zealot  
  135  9:21  Zealot x2  
  123  9:26  Zealot x3  
Tags
 
Add a new tag
Caveats
  • Supply blocks, unpowered buildings, or Contaminate may cause inaccurate times.
  • Supply counts are checked every 10 seconds.